 Dungeon Crawl Stone Soup version 0.31-a0-188-g5e087ee2ca (webtiles) character file.

Game seed: 5257439177397430428

3301 qw the Skirmisher (level 9, 0/54 HPs)
             Began as a Deep Elf Hunter on June 23, 2023.
             Was a Follower of Okawaru.
             Slain by a gnoll bouda
             ... wielding a +0 club
              (10 damage)
             ... on level 8 of the Dungeon.
             The game lasted 00:03:57 (7020 turns).

qw the Skirmisher (Deep Elf Hunter)                 Turns: 7020, Time: 00:03:58

Health: 0/54       AC: 15    Str: 12    XL:     9   Next: 70%
Magic:  11/12      EV: 19    Int: 15    God:    Okawaru [*.....]
Gold:   394        SH:  0    Dex: 18    Spells: 8/8 levels left

rFire   x . .        Y - +0 shortbow (flame)
rCold   + . .        (shield currently unavailable)
rNeg    . . .        a - +2 leather armour of Inevitability {rF- rC+ Will+ Stlth+}
rPois   .            k - +2 helmet
rElec   .            d - +0 cloak
rCorr   .            (no gloves)
SInv    .            l - +0 pair of boots
Will    +....        (no amulet)
Stlth   ++++         f - +4 ring of protection
HPRegen 0.29/turn    (no ring)
MPRegen 0.13/turn

%: no passive effects
@: heroic, weakened
A: no striking features
a: Renounce Religion, Heroism


You were on level 8 of the Dungeon.
You worshipped Okawaru.
Okawaru was aware of your devotion.
You visited 2 branches of the dungeon, and saw 9 of its levels.
You also visited: Sewer and Ossuary.

You collected 394 gold pieces.


   Skills:
 - Level 5.1(10.1) Fighting
 - Level 14.1(19.1) Ranged Weapons
 - Level 1.1(6.1) Armour
 + Level 7.9(12.9) Dodging
 - Level 1.2(6.2) Stealth
 + Level 2.5 Invocations


You had 8 spell levels left.
You didn't know any spells.
Your spell library was empty.

Inventory:

Hand Weapons
 Y - a +0 shortbow of flaming (weapon)
Armour
 a - the +2 leather armour of Inevitability (worn) {rF- rC+ Will+ Stlth+}
   (You found it on level 3 of the Dungeon)

   rF:        It makes you vulnerable to fire.
   rC:        It protects you from cold.
   Will:      It increases your willpower.
   Stlth:     It makes you more stealthy.
 d - a +0 cloak (worn)
 g - a +0 ring mail
 k - a +2 helmet (worn)
 l - a +0 pair of boots (worn)
Jewellery
 f - a +4 ring of protection (left hand)
 o - a ring of willpower
Scrolls
 e - 2 scrolls of identify
 j - a scroll of poison {unknown}
Potions
 b - 2 potions of haste
 c - a potion of mutation
 h - a potion of resistance
 i - a potion of heal wounds
 m - a potion of might
 n - a potion of cancellation
 p - a potion of enlightenment {unknown}
 q - a potion of ambrosia {unknown}

Dungeon Overview and Level Annotations

Branches:
Dungeon (8/15)             Temple (1/1) D:6            Lair (0/5) D:8
  Sewer (visited)         Ossuary (visited)

Altars:
Ashenzari
Cheibriados
Dithmenos
Elyvilon
Gozag
Hepliaklqana
Kikubaaqudgha
Makhleb
Nemelex Xobeh
Okawaru
Ru
Sif Muna
Trog
Uskayaw
Vehumet
Wu Jian
Yredelemnul
Zin
The Shining One

Shops:
D:4 *

Annotations:
D:7 exclusion: 5 gnoll sergeants


Message History

The bullfrog dies!
You shoot an arrow. The arrow hits the steam dragon.
The arrow burns the steam dragon.
The steam dragon is moderately wounded.
You are engulfed in a cloud of scalding steam.
The steam dragon misses you. x2
The orc is engulfed in a cloud of scalding steam.
The orc dies!
You shoot an arrow.
The arrow barely misses the steam dragon.
The steam dragon closely misses you. x2
You shoot an arrow. The arrow hits the steam dragon!
The arrow burns the steam dragon.
The steam dragon is heavily wounded.
You are engulfed in a cloud of scalding steam.
You shoot an arrow.
The arrow hits the steam dragon but does no damage.
The steam dragon is heavily wounded.
The yak misses you.
The steam dragon bites you but does no damage.
The steam dragon claws you.
The gnoll bouda gazes fiercely through you!
You feel your attacks grow feeble. The gnoll bouda barely misses you.
You shoot an arrow.
The arrow barely misses the steam dragon.
The yak gores you but does no damage. The steam dragon closely misses you.
The steam dragon misses you. The gnoll bouda completely misses you.
The orc barely misses you. The water moccasin bites you.
You shoot an arrow. The arrow hits the steam dragon.
The arrow burns the steam dragon.
The steam dragon is severely wounded.
The water moccasin completely misses you.
You shoot an arrow. The arrow hits the steam dragon!
The arrow burns the steam dragon.
You kill the steam dragon!
Okawaru accepts your kill. The yak gores you!
The gnoll bouda hits you with a +0 club!
You die...

.#..}.}..#.
#.........#
###
#.........#
...
#..}...}..#
#.........#
#.........#
#..}Ygo.#
#.)S@.#
..!.#...#....#
#....#'#....##
######.######
##.....#
#.#..### ###
##. ##+#
#...## #.. #..
##...## #[####
#.##.####.#
##.....##
#....# #.....
...#


You could see a yak, a water moccasin, a gnoll bouda and an orc.

Vanquished Creatures
  A wyvern (D:8)
  Sigmund (D:2)
  2 steam dragons
  An acid dragon (D:6)
  3 water moccasins
  2 ice beasts
  An orc warrior (D:7)
  2 sky beasts
  2 black bears (D:8)
  2 ogres (D:6)
  2 centaurs
  4 bullfrogs
  2 gnoll sergeants
  4 scorpions
  3 howler monkeys (D:8)
  2 jellies (D:6)
  2 gnoll boudas (D:7)
  A hound (D:7)
  An iguana (D:5)
  4 orc wizards
  13 gnolls
  14 adders
  2 river rats (D:6)
  An ufetubus (D:5)
  3 worms
  3 dart slugs
  26 orcs
  13 ball pythons
  5 endoplasms
  11 giant cockroaches
  8 goblins
  4 hobgoblins
  4 jackals (D:3)
  6 quokkas
  6 bats
  18 frilled lizards
  8 hobgoblin zombies (Ossuary)
  10 kobolds
  4 kobold zombies (Ossuary)
  8 orc zombies (Ossuary)
  6 rats
215 creatures vanquished.

Vanquished Creatures (others)
  A bullfrog (D:8)
  An orc (D:8)
2 creatures vanquished.

Grand Total: 217 creatures vanquished

Notes
Turn   | Place    | Note
-------+----------+-------------------------------------------
     0 | D:1      | qw the Deep Elf Hunter began the quest for the Orb.
     0 | D:1      | Reached XP level 1. HP: 12/12 MP: 3/3
     0 | D:1      | 0 ||| qw: Version: 0.3-a-9-g12657ce
     0 | D:1      | 0 ||| qw: Game counter: 3215
     0 | D:1      | 0 ||| qw: Always use a shield: true
     0 | D:1      | 0 ||| qw: God list: Okawaru
     0 | D:1      | 0 ||| qw: Allow faded altars: false
     0 | D:1      | 0 ||| qw: Do Orc after D:15 true
     0 | D:1      | 0 ||| qw: Do second Lair branch before Depths: true
     0 | D:1      | 0 ||| qw: Lair rune preference: random
     0 | D:1      | 0 ||| qw: Plans: Normal
     0 | D:1      | 0 ||| PLANNING D:1-11
    27 | D:1      | HP: 3/12 [goblin/+0 dagger (3)]
   115 | D:1      | Reached XP level 2. HP: 15/16 MP: 4/4
   134 | D:1      | Reached skill level 6 in Ranged Weapons
   232 | D:1      | 232 ||| FLEEEEING.
   234 | D:1      | 234 ||| FLEEEEING.
   235 | D:1      | 235 ||| FLEEEEING.
   236 | D:1      | 236 ||| FLEEEEING.
   237 | D:1      | 237 ||| FLEEEEING.
   238 | D:1      | 238 ||| FLEEEEING.
   239 | D:1      | 239 ||| FLEEEEING.
   240 | D:1      | 240 ||| FLEEEEING.
   241 | D:1      | 241 ||| FLEEEEING.
   242 | D:1      | 242 ||| FLEEEEING.
   615 | D:1      | Reached XP level 3. HP: 20/20 MP: 5/5
   698 | D:1      | 698 ||| READING scroll labelled FYRGHO PESCHAQE.
   736 | D:1      | 736 ||| READING scroll labelled UGGIP GOTAT.
   737 | D:1      | 737 ||| READING scroll labelled SYLEUHEBYP.
   738 | D:1      | 738 ||| DROPPING scroll of butterflies.
   773 | D:2      | Noticed Sigmund
   778 | D:2      | Killed Sigmund
   779 | D:2      | Reached skill level 8 in Ranged Weapons
   779 | D:2      | Reached XP level 4. HP: 25/25 MP: 6/6
   779 | D:2      | Reached XP level 5. HP: 29/29 MP: 7/7
   847 | D:2      | Reached skill level 9 in Ranged Weapons
   941 | D:2      | Reached skill level 3 in Dodging
  1106 | D:2      | Found a white marble altar of Elyvilon.
  1156 | D:2      | 1156 ||| UPGRADING to +0 ring mail.
  1166 | D:2      | 1166 ||| DROPPING +0 leather armour.
  1167 | D:2      | 1167 ||| UPGRADING to +4 ring of protection.
  1168 | D:2      | 1168 ||| READING 4 scrolls labelled FOAWIPH LEAJU.
  1169 | D:2      | 1169 ||| READING scroll labelled QUN BODAJOFEUKK.
  1170 | D:2      | 1170 ||| DROPPING 3 scrolls of vulnerability.
  1215 | D:3      | Identified the +2 leather armour of Inevitability {rF- rC+
                  | Will+ Stlth+}
  1663 | D:3      | Found a basalt altar of Yredelemnul.
  1911 | D:3      | 1911 ||| UPGRADING to +2 leather armour of Inevitability
                  | {rF- rC+ Will+ Stlth+}.
  1921 | D:3      | 1921 ||| READING scroll labelled ZOT XUIHICW.
  1922 | D:3      | 1922 ||| READING scroll labelled DOEMPUH GOGRAW.
  1926 | D:3      | 1926 ||| READING scroll labelled ERYOQ FYMPAOT.
  1927 | D:3      | 1927 ||| DRINKING 2 murky purple potions.
  1928 | D:3      | 1928 ||| READING 2 scrolls of identify.
  1928 | D:3      | 1928 ||| IDENTIFYING smoky pink potion
  1929 | D:3      | 1929 ||| DROPPING potion of brilliance.
  1945 | D:4      | Found an opulent altar of Gozag.
  1945 | D:4      | Found Gozag's Platinum Reserve.
  1946 | D:4      | 1946 ||| PLANNING OSSUARY
  1960 | D:4      | 1960 ||| SHOPLISTING ring "Lixakh" {Fly rF+ EV+5} (5210
                  | gold, have 123).
  1960 | D:4      | 1960 ||| SHOPLISTING ring of Absolutism {rCorr EV+5} (4860
                  | gold, have 123).
  1987 | D:4      | Reached XP level 6. HP: 35/35 MP: 8/8
  2033 | D:4      | Found a radiant altar of Vehumet.
  2359 | D:4      | Found a hide-covered altar of Uskayaw.
  2377 | D:4      | Found a sand-covered staircase.
  2378 | D:4      | 2378 ||| DROPPING ring of magical power.
  2379 | D:4      | 2379 ||| READING 3 scrolls of identify.
  2379 | D:4      | 2379 ||| IDENTIFYING sedimented sapphire potion
  2380 | D:4      | 2380 ||| READING 2 scrolls of identify.
  2380 | D:4      | 2380 ||| IDENTIFYING metallic clear potion
  2381 | D:4      | 2381 ||| DROPPING potion of attraction.
  2390 | Ossuary  | Entered an ossuary
  2538 | D:4      | 2538 ||| PLANNING D:1-11
  2807 | D:5      | Entered Level 5 of the Dungeon
  2883 | D:5      | 2883 ||| STAIRDANCE
  3170 | D:5      | Found a broken altar of Ashenzari.
  3216 | D:5      | Reached skill level 10 in Ranged Weapons
  3477 | D:5      | 3477 ||| UPGRADING to +0 helmet.
  3482 | D:5      | 3482 ||| UPGRADING to +0 pair of boots.
  3487 | D:5      | 3487 ||| READING scroll of enchant armour.
  3487 | D:5      | 3487 ||| ENCHANTING +0 helmet.
  3488 | D:5      | 3488 ||| READING 2 scrolls of identify.
  3488 | D:5      | 3488 ||| IDENTIFYING amethyst potion
  3505 | D:6      | 3505 ||| PLANNING SEWER
  3546 | D:6      | Noticed a sky beast
  3548 | D:6      | Reached XP level 7. HP: 40/40 MP: 9/9
  3565 | D:6      | HP: 10/40 [something (6)]
  3572 | D:6      | HP: 10/40 [something (2)]
  3574 | D:6      | 3574 ||| READING 2 scrolls of teleportation.
  3578 | D:6      | 3578 ||| READING scroll of teleportation.
  3593 | D:6      | HP: 8/40 [ice beast (2)]
  3658 | D:6      | Reached skill level 11 in Ranged Weapons
  3771 | D:6      | Found a staircase to the Ecumenical Temple.
  3816 | D:6      | Found a hazy altar of Hepliaklqana.
  3847 | D:6      | Reached skill level 12 in Ranged Weapons
  3938 | D:6      | Reached XP level 8. HP: 44/44 MP: 10/10
  3964 | D:6      | Found a glowing drain.
  3965 | D:6      | 3965 ||| Stepping ~*~*~tactically~*~*~ (water).
  3975 | D:6      | 3975 ||| READING 3 scrolls labelled QUIRUI XELA.
  3976 | D:6      | 3976 ||| DROPPING 2 scrolls of noise.
  3980 | Sewer    | Entered a sewer
  3989 | Sewer    | 3989 ||| Stepping ~*~*~tactically~*~*~ (water).
  4003 | Sewer    | 4003 ||| Stepping ~*~*~tactically~*~*~ (water).
  4008 | Sewer    | 4008 ||| Stepping ~*~*~tactically~*~*~ (water).
  4011 | Sewer    | 4011 ||| Stepping ~*~*~tactically~*~*~ (water).
  4018 | Sewer    | 4018 ||| Stepping ~*~*~tactically~*~*~ (water).
  4066 | Sewer    | 4066 ||| Stepping ~*~*~tactically~*~*~ (water).
  4068 | Sewer    | 4068 ||| Stepping ~*~*~tactically~*~*~ (water).
  4070 | Sewer    | 4070 ||| Stepping ~*~*~tactically~*~*~ (water).
  4072 | Sewer    | 4072 ||| Stepping ~*~*~tactically~*~*~ (water).
  4074 | Sewer    | 4074 ||| Stepping ~*~*~tactically~*~*~ (water).
  4076 | Sewer    | 4076 ||| Stepping ~*~*~tactically~*~*~ (water).
  4078 | Sewer    | 4078 ||| Stepping ~*~*~tactically~*~*~ (water).
  4080 | Sewer    | 4080 ||| Stepping ~*~*~tactically~*~*~ (water).
  4082 | Sewer    | 4082 ||| Stepping ~*~*~tactically~*~*~ (water).
  4084 | Sewer    | 4084 ||| Stepping ~*~*~tactically~*~*~ (water).
  4096 | Sewer    | 4096 ||| Stepping ~*~*~tactically~*~*~ (water).
  4130 | Sewer    | 4130 ||| Stepping ~*~*~tactically~*~*~ (water).
  4209 | Sewer    | Reached skill level 3 in Fighting
  4214 | Sewer    | Reached skill level 1 in Armour
  4303 | Sewer    | 4303 ||| READING scroll of enchant armour.
  4303 | Sewer    | 4303 ||| ENCHANTING +1 helmet.
  4513 | D:6      | 4513 ||| PLANNING TEMPLE
  4569 | D:6      | 4569 ||| FLEEEEING.
  4570 | D:6      | 4570 ||| FLEEEEING.
  4574 | D:6      | 4574 ||| FLEEEEING.
  4575 | D:6      | 4575 ||| FLEEEEING.
  4576 | D:6      | 4576 ||| FLEEEEING.
  4577 | D:6      | 4577 ||| FLEEEEING.
  4578 | D:6      | 4578 ||| FLEEEEING.
  4579 | D:6      | 4579 ||| FLEEEEING.
  4581 | D:6      | 4581 ||| FLEEEEING.
  4582 | D:6      | 4582 ||| FLEEEEING.
  4583 | D:6      | 4583 ||| FLEEEEING.
  4584 | D:6      | 4584 ||| FLEEEEING.
  4585 | D:6      | 4585 ||| FLEEEEING.
  4586 | D:6      | 4586 ||| FLEEEEING.
  4587 | D:6      | 4587 ||| FLEEEEING.
  4588 | D:6      | 4588 ||| FLEEEEING.
  4589 | D:6      | 4589 ||| STAIRDANCE
  4646 | D:6      | Found a snail-covered altar of Cheibriados.
  4767 | D:6      | Reached skill level 13 in Ranged Weapons
  4813 | Temple   | Entered the Ecumenical Temple
  4821 | Temple   | 4821 ||| PLANNING OKAWARU WORSHIP
  4977 | Temple   | Became a worshipper of Warmaster Okawaru
  4978 | Temple   | 4978 ||| PLANNING D:1-11
  5108 | D:6      | HP: 10/46 [steam dragon] (3)]
  5267 | D:6      | 5267 ||| UPGRADING to +0 cloak.
  5299 | D:7      | 5299 ||| STAIRDANCE
  5470 | D:7      | Reached skill level 14 in Ranged Weapons
  5470 | D:7      | Reached XP level 9. HP: 35/51 MP: 11/11
  5626 | D:7      | 5626 ||| Stepping ~*~*~tactically~*~*~ (outnumbered).
  5639 | D:7      | Reached * piety under Okawaru
  5640 | D:7      | Reached skill level 6 in Dodging
  5640 | D:7      | 5640 ||| INVOKING Heroism.
  5641 | D:7      | 5641 ||| INVOKING Heroism.
  5674 | D:7      | 5674 ||| FLEEEEING.
  5675 | D:7      | 5675 ||| FLEEEEING.
  5676 | D:7      | 5676 ||| FLEEEEING.
  5677 | D:7      | 5677 ||| FLEEEEING.
  5678 | D:7      | 5678 ||| FLEEEEING.
  5679 | D:7      | 5679 ||| FLEEEEING.
  5708 | D:7      | 5708 ||| FLEEEEING.
  5709 | D:7      | 5709 ||| FLEEEEING.
  5758 | D:7      | Found a flagged portal.
  5872 | D:7      | Found an ornate altar of the Wu Jian Council.
  5923 | D:7      | 5923 ||| INVOKING Heroism.
  5968 | D:7      | 5968 ||| READING scroll labelled LUYPTU OPUOLL.
  5970 | D:7      | 5970 ||| DRINKING 2 metallic golden potions.
  5980 | D:7      | 5980 ||| FLEEEEING.
  5981 | D:7      | 5981 ||| FLEEEEING.
  5988 | D:7      | HP: 12/52 [gnoll sergeant/+6 spear of venom (2)]
  5989 | D:7      | 5989 ||| READING scroll of teleportation.
  5990 | D:7      | HP: 4/52 [poisoned by a gnoll sergeant]
  5992 | D:7      | HP: 1/52 [poisoned by a gnoll sergeant]
  5993 | D:7      | 5993 ||| DRINKING potion of curing.
  5993 | D:7      | 5993 ||| (to cure poison)
  6242 | D:7      | 6242 ||| INVOKING Heroism.
  6627 | D:7      | 6627 ||| READING 3 scrolls labelled OSIRISUHICW.
  6628 | D:7      | 6628 ||| READING 6 scrolls of identify.
  6628 | D:7      | 6628 ||| IDENTIFYING clear potion
  6629 | D:7      | 6629 ||| READING 5 scrolls of identify.
  6629 | D:7      | 6629 ||| IDENTIFYING fizzy cyan potion
  6630 | D:7      | 6630 ||| READING 4 scrolls of identify.
  6630 | D:7      | 6630 ||| IDENTIFYING viscous grey potion
  6631 | D:7      | 6631 ||| READING 3 scrolls of identify.
  6631 | D:7      | 6631 ||| IDENTIFYING red potion
  6632 | D:7      | 6632 ||| DROPPING potion of berserk rage.
  6633 | D:7      | 6633 ||| DROPPING 2 scrolls of revelation.
  6715 | D:8      | Reached skill level 1 in Invocations
  6758 | D:8      | Found a bloodstained altar of Trog.
  6759 | D:8      | 6759 ||| INVOKING Heroism.
  6798 | D:8      | Found a glowing golden altar of the Shining One.
  6845 | D:8      | Found a staircase to the Lair.
  6942 | D:8      | Found a shimmering blue altar of Sif Muna.
  7007 | D:8      | 7007 ||| INVOKING Heroism.
  7020 | D:8      | HP: 10/54 [yak (7)]
  7020 | D:8      | Slain by a gnoll bouda

Levels and vault maps discovered:
D:1:      nicolae_arrival_memento_mori, layout_loops_ring
D:2:      layout_basic, basic_altar, uniq_sigmund
D:3:      layout_loops_cross, nicolae_overflow_crystal_walls
D:4:      layout_loops_ring, nicolae_overflow_hidden_temple,
          nicolae_gozag_zags_fifth_avenue, overflow_temple_1_default,
          lightli_ossuary_entry_decrepit_ruins
D:5:      layout_basic, mainiacjoe_overflow_surrounded_room,
          kennysheep_generic_room_5
D:6:      layout_rooms, lemuel_doored_altar, amcnicky_altar_gilded,
          temple_pool_b, portal_sewer_entry_e, minmay_manual_mail
D:7:      minmay_thick_lines, layout_cave_pools,
          nicolae_wu_jian_immortal_techniques, enter_bailey_8
D:8:      kennysheep_ambush_hall, layout_loops_corners, trog_ov_bears_minmay,
          nicolae_sif_muna_condensation,
          mainiacjoe_overflow_concentric_impassable, dpeg_oklobed_lair,
          minmay_misc_feat_plants, minmay_misc_feat_rugged
Temple:   hellmonk_temple_forest_ring

Skill      XL: |  1  2  3  4  5  6  7  8  9 |
---------------+----------------------------+-----
Ranged Weapons | 6 8 9 10 12 14 | 14.1
Dodging        | 3 4 5 7 |  7.9
Fighting       | 2 3 5 |  5.1
Armour         | 1 |  1.1
Invocations    | 2 |  2.5
Stealth        | |  1.2

Action                     |  1- 3 |  4- 6 |  7- 9 || total
---------------------------+-------+-------+-------++-------
   Fire: Shortbow          |    91 |   284 |   519 ||   894
 Invoke: Heroism           |       |       |     5 ||     5
    Use: Scroll            |     3 |    10 |    11 ||    24
         Potion            |       |     1 |     2 ||     3
 Armour: Leather armour    |     9 |    19 |    71 ||    99
         Ring mail         |       |    19 |       ||    19
  Dodge: Dodged            |    17 |    57 |   135 ||   209

Table legend:
 A = Non-vault XP
 B = Vault XP
 C = Vault XP percentage of total XP
 D = Non-vault monster count
 E = Vault monster count
 F = Vault count percentage of total count
                 A         B        C        D         E       F
            +---------+---------+-------+---------+---------+-------
      Total |    3205 |    1702 |  34.7 |     136 |      80 |  37.0
            +---------+---------+-------+---------+---------+-------
        D:1 |      46 |       0 |   0.0 |      28 |       0 |   0.0
        D:2 |      70 |     206 |  74.6 |      14 |       1 |   6.7
        D:3 |      56 |       0 |   0.0 |      19 |       0 |   0.0
        D:4 |      65 |       0 |   0.0 |      19 |       0 |   0.0
        D:5 |     126 |      43 |  25.4 |       3 |       2 |  40.0
        D:6 |    1320 |     385 |  22.6 |      14 |      12 |  46.2
        D:7 |     885 |     294 |  24.9 |      30 |       7 |  18.9
        D:8 |     637 |     468 |  42.4 |       9 |       4 |  30.8
      Sewer |       0 |     286 | 100.0 |       0 |      34 | 100.0
    Ossuary |       0 |      20 | 100.0 |       0 |      20 | 100.0
            +---------+---------+-------+---------+---------+-------
